 Dungeon Crawl Stone Soup version 0.30-a0-469-g84de5afbc5 (webtiles) character file.

Game seed: 16643033535631487366

146 bande the Covered (level 5, -2/33 HPs)
             Began as a Gargoyle Fighter on Dec 20, 2022.
             Splashed by a jelly's acid (4 damage)
             ... on level 3 of the Dungeon.
             The game lasted 00:03:31 (2187 turns).

bande the Covered (Gargoyle Fighter)                Turns: 2187, Time: 00:03:32

Health: -2/33      AC:  9    Str: 19    XL:     5   Next: 28%
Magic:  5/5        EV:  5    Int:  9    God:
Gold:   41         SH:  4    Dex: 11    Spells: 4/4 levels left

rFire   . . .      SeeInvis .    q - +0 broad axe
rCold   . . .      Faith    .    c - +0 buckler
rNeg    + . .      Spirit   .    n - +0 plate armour
rPois   ∞          Reflect  .    o - +0 helmet
rElec   +          Harm     .    (no cloak)
rCorr   .          Rampage  .    (no gloves)
Will    .....                    (no boots)
Stlth   ..........               (no amulet)
HPRegen 0.25/turn                (no ring)
MPRegen 0.09/turn                (no ring)

@: corroded
A: sickness immunity, AC +4, negative energy resistance 1, electricity
resistance, torment resistance 1, petrification resistance
a: no special abilities


You were on level 3 of the Dungeon.
You visited 1 branch of the dungeon, and saw 3 of its levels.

You collected 41 gold pieces.

Inventory:

Hand Weapons
 a - a +1 war axe
 q - a +0 broad axe (weapon)
Armour
 c - a +0 buckler (worn)
 n - a +0 plate armour (worn)
 o - a +0 helmet (worn)
Jewellery
 k - a ring of fire
Scrolls
 f - a scroll of amnesia
 g - a scroll of fog
 i - a scroll of teleportation
Potions
 b - a potion of flight
 d - a potion of might
 e - a potion of resistance
 h - a potion of heal wounds
 l - a potion of haste {unknown}
 m - a potion of attraction {unknown}


   Skills:
 + Level 4.1 Fighting
 + Level 3.3 Axes
 + Level 4.1 Armour
 + Level 3.9 Shields


You had 4 spell levels left.
You didn't know any spells.
Your spell library contained the following spells:

 Spells                   Type           Power      Damage    Failure   Level
 Dazzling Flash           Conj/Hex       0%         N/A       100%        3
 Agony                    Necr           0%         N/A       100%        5
 Silence                  Hex/Air        0%         N/A       100%        5


Dungeon Overview and Level Annotations

Branches:
Dungeon (3/15)

Altars:


Innate Abilities, Weirdness & Mutations

You are immune to sickness and miasma.
Your stone body is resilient. (AC +4)
You are immune to poison.
You resist negative energy. (rN+)
You are resistant to electric shocks. (rElec)
You are resistant to unholy torment.
You are immune to petrification.


Message History

Found a bat skeleton.
A jelly and 9 endoplasms come into view.
Found a hobgoblin skeleton, a bat skeleton and a scroll labelled URYGUE GUYV.
The endoplasm quivers. x3; The jelly quivers.
The endoplasm quivers. x5
The endoplasm completely misses the fungus.
The endoplasm hits the fungus.
The fungus begins to die.
The endoplasm jiggles.
The endoplasm hits the fungus.
There is an open door here.
The jelly attacks as you move away! The jelly hits you.
You are splashed with acid!
The jelly attacks as you move away! The jelly hits you.
You are splashed with acid!
The jelly hits something.
The jelly attacks as you move away! The jelly closely misses you.
Things that are here:
a +0 dagger; 3 poisoned darts
There is an open door here.
The jelly attacks as you move away! You block the jelly's attack.
The jelly attacks as you move away! The jelly hits you but does no damage.
The jelly attacks as you move away! The jelly hits you but does no damage.
Items here: ( )) ††.
The jelly attacks as you move away! The jelly hits you but does no damage.
There is an open gate, spattered with blood here.
Things that are here:
a +0 short sword of flaming; 5 stones; a kobold corpse The jelly attacks as you move away!
The jelly hits you but does no damage. The jelly attacks as you move away!
The jelly hits you but does no damage. The jelly attacks as you move away!
The jelly barely misses you. The jelly hits you but does no damage.
The jelly attacks as you move away! The jelly hits you but does no damage.
You slash the jelly!
Your hands burn!
The jelly is heavily wounded.
You block the jelly's attack.
You hit the jelly.
Your hands burn!
The jelly is heavily wounded.
The jelly hits you but does no damage. The jelly hits you.
The acid corrodes you!
You are splashed with acid!
* * * LOW HITPOINT WARNING * * *
You hit the jelly but do no damage. The acid corrodes you!
Your hands burn!
You die...

############
#...@JJJ...###
#.######.....#
###..†..####
#..........#
#.#.....##.#
#.#.....##.#
...####.###.####.####.
......................
#...###J########.####.


You could see 2 jellies and an endoplasm.

Vanquished Creatures
  An orc wizard (D:2)
  Robin (D:2)
  An adder (D:2)
  2 worms (D:2)
  2 dart slugs (D:1)
  9 endoplasms
  2 giant cockroaches
  15 goblins
  8 hobgoblins
  2 jackals (D:1)
  5 quokkas
  10 ball pythons
  4 bats
  3 frilled lizards
  11 kobolds
  4 rats
80 creatures vanquished.

Vanquished Creatures (others)
  6 fungi (D:3)
  11 toadstools (D:3)
17 creatures vanquished.

Grand Total: 97 creatures vanquished

Notes
Turn   | Place    | Note
-------+----------+-------------------------------------------
     0 | D:1      | bande the Gargoyle Fighter began the quest for the Orb.
     0 | D:1      | Reached XP level 1. HP: 14/14 MP: 1/1
    32 | D:1      | Reached XP level 2. HP: 19/19 MP: 2/2
   338 | D:1      | Reached XP level 3. HP: 23/23 MP: 3/3
   406 | D:1      | Found a faded altar of an unknown god.
  1110 | D:2      | Reached XP level 4. HP: 21/29 MP: 4/4
  1612 | D:2      | Reached XP level 5. HP: 33/33 MP: 5/5
  1666 | D:3      | Noticed Robin
  1893 | D:2      | Killed Robin
  2187 | D:3      | Splashed by a jelly's acid

Illustrated notes

Levels and vault maps discovered:
D:1:      erik_arrival_triangle_small, layout_basic,
          shapermc_ecumenical_altar_totnotflames, minmay_misc_feat_x,
          nicolae_concentric_dashed_squares_wild
D:2:      minmay_diamond_boxcup, layout_basic
D:3:      cheibrodos_fertilizer, layout_loops_ring, dk_vineyard_2,
          nicolae_titane, uniq_grinder, uniq_robin

Skill      XL: |  1  2  3  4 |
---------------+-------------+-----
Axes           | 2 3 |  3.3
Armour         | 4 |  4.1
Fighting       | 4 |  4.1
Shields        | |  3.9

Action                   |  1- 3 |  4- 6 || total
-------------------------+-------+-------++-------
Melee: War axe           |   110 |    76 ||   186
       Broad axe         |       |    16 ||    16
  Use: Scroll            |       |     8 ||     8
Armor: Scale mail        |    50 |    12 ||    62
       Plate armour      |       |    63 ||    63
Dodge: Dodged            |    48 |    34 ||    82
Block: Buckler           |    20 |    32 ||    52

Table legend: (Time is in decaauts)
 A = Elapsed time spent in this place.
 B = Non-inter-level travel time spent in this place.
 C = Inter-level travel time spent in this place.
 D = Time resting spent in this place.
 E = Time spent auto-exploring this place.
 F = Levels seen in this place.
 G = Mean time per level.
                   A        B        C        D        E       F      G
               +--------+--------+--------+--------+--------+-----+--------+
         Total |   2274 |   2274 |      0 |    316 |   1373 |   3 |  758.0 |
       Dungeon |   2274 |   2274 |      0 |    316 |   1373 |   3 |  758.0 |
               +--------+--------+--------+--------+--------+-----+--------+

Top non-repeatable levels by time:
     D:2: 1095 daAuts
     D:1: 998 daAuts
     D:3: 180 daAuts
